Map: Frozen Temple

Players

SuperÇaYann - Winner!

  • Race: Protoss Protoss
  • League: Diamond

MaRa

  • Race: Zerg Zerg
  • League: Diamond

VOD

Have the link to the VOD?

Description

Hello starcraft world !

Just a tiny low diam replay to show you what i do for PvZ. It's a push with 6 oracles at 6.20-6.30min while expanding b3.

With these 6 oracles, the toss can disrespect pretty much everything at this timing. You'll see, even if i tried to hide the oracles, my opponent scouted it and still, i did a lot of damage without loosing 1 oracle.

The end of the game is pretty fun too :D

I'm aware than i did a lot of mistakes during all the game (forgot probes cycle, somes supplies, etc.) but this game can show how strong oracles can be in PvZ

A little too strong in my opinion ... oh wait, i'm protoss ^^

Time

  • Played on: Aug. 11, 2016, 3:59 a.m.
  • Length: 9:43
Show
View Real Time Build Order
Export as new Build Order

SuperÇaYann Protoss - Winner!

Build Orders: 1 Gate Expand 

Get SALT Encoding   

  12  0:01  Probe (Chrono Boost)  
  13  0:11  Probe (Chrono Boost)  
  14  0:17  Pylon  
  14  0:22  Probe (Chrono Boost)  
  15  0:36  Probe (Chrono Boost)  
  15  0:39  Gateway  
  16  0:46  Probe (Chrono Boost)  
  16  0:48  Assimilator  
  18  0:57  Probe (Chrono Boost)  
  18  1:10  Probe (Chrono Boost)  
  19  1:23  Nexus  
  19  1:26  Probe (Chrono Boost)  
  20  1:36  Cybernetics Core  
  20  1:39  Probe (Chrono Boost)  
  21  1:45  Assimilator  
  21  1:51  Pylon  
  21  1:54  Probe (Chrono Boost)  
  22  2:05  Probe (Chrono Boost)  
  23  2:08  Stalker  
  23  2:13  Warp Gate  
  26  2:17  Probe (Chrono Boost)  
  26  2:33  Probe (Chrono Boost)  
  26  2:36  Mothership Core (Chrono Boost)  
  29  2:37  Zealot  
  29  2:42  Gateway  
  32  2:45  Probe (Chrono Boost)  
  32  2:54  Probe (Chrono Boost)  
  32  2:57  Pylon, Probe (Chrono Boost)  
  34  3:08  Probe x2 (Chrono Boost)  
  36  3:21  Probe x2 (Chrono Boost)  
  37  3:27  Stargate  
  37  3:29  Stargate  
  37  3:31  Probe x2 (Chrono Boost)  
  39  3:35  Assimilator  
  39  3:38  Assimilator  
  39  3:42  Pylon  
  39  3:47  Probe x2 (Chrono Boost)  
  41  3:56  Pylon  
  41  3:58  Probe x2 (Chrono Boost)  
  43  4:08  Oracle, Probe (Chrono Boost)  
  43  4:09  Probe (Chrono Boost)  
  45  4:10  Oracle  
  53  4:25  Probe x2 (Chrono Boost)  
  53  4:30  Pylon  
  53  4:32  Zealot  
  53  4:33  Gateway  
  53  4:38  Probe x2 (Chrono Boost)  
  57  4:39  Oracle  
  57  4:42  Oracle  
  60  4:50  Probe x2 (Chrono Boost)  
  65  5:02  Probe x2 (Chrono Boost)  
  65  5:06  Nexus  
  67  5:11  Oracle  
  67  5:12  Pylon  
  68  5:14  Probe (Chrono Boost)  
  68  5:17  Oracle  
  76  5:29  Probe x2 (Chrono Boost)  
  76  5:36  Pylon  
  76  5:39  Zealot, Pylon, Sentry  
  78  5:47  Phoenix  
  78  5:49  Phoenix  
  76  5:54  Zealot  
  84  5:57  Probe x2 (Chrono Boost)  
  84  6:04  Zealot x2  
  84  6:09  Probe x2 (Chrono Boost)  
  90  6:14  Twilight Council  
  90  6:17  Pylon  
  90  6:21  Probe (Chrono Boost)  
  91  6:29  Probe (Chrono Boost)  
  91  6:30  Probe (Chrono Boost)  
  91  6:32  Phoenix x2  
  94  6:33  Probe (Chrono Boost)  
  94  6:38  Zealot  
  100  6:41  Charge  
  100  6:44  Robotics Facility  
  100  6:46  Robotics Facility, Probe x2 (Chrono Boost)  
  102  6:47  Assimilator  
  102  6:49  Assimilator  
  102  6:50  Forge  
  102  6:58  Probe (Chrono Boost)  
  102  6:59  Probe x2 (Chrono Boost)  
  105  7:12  Zealot  
  105  7:13  Probe (Chrono Boost)  
  105  7:14  Probe (Chrono Boost)  
  105  7:15  Probe (Chrono Boost)  
  110  7:20  Gateway  
  110  7:22  Gateway  
  110  7:24  Probe (Chrono Boost)  
  110  7:26  Gateway  
  110  7:27  Probe x2 (Chrono Boost)  
  113  7:34  Observer, Immortal  
  118  7:38  Zealot x2  
  118  7:40  Probe (Chrono Boost)  
  118  7:41  Probe x2 (Chrono Boost)  
  118  7:42  Protoss Ground Weapons Level 1  
  125  7:46  Templar Archives  
  125  7:55  Pylon  
  125  7:59  Pylon  
  125  8:00  Gateway  
  125  8:03  Pylon  
  125  8:05  Pylon  
  125  8:09  Phoenix  
  125  8:13  Probe (Chrono Boost), Phoenix  
  125  8:15  Probe (Chrono Boost)  
  131  8:21  Immortal  
  131  8:22  Observer  
  136  8:28  Robotics Bay  
  136  8:34  High Templar  
  136  8:35  Gateway  
  136  8:36  Zealot, High Templar  
  136  8:37  Zealot x3  
  136  8:39  Forge  
  148  8:42  Gateway  
  148  8:46  Immortal  
  152  9:01  Immortal  
  156  9:19  Archon  
  156  9:21  Nexus  
  142  9:26  Zealot x5  
  142  9:27  Zealot x2  
Show
View Real Time Build Order
Export as new Build Order

MaRa Zerg 

Build Orders: Hatch First 

Get SALT Encoding   

  12  0:01  Drone  
  13  0:12  Overlord  
  13  0:17  Drone  
  14  0:31  Drone  
  14  0:32  Drone  
  14  0:34  Drone  
  17  1:00  Hatchery, Drone x2  
  18  1:15  Spawning Pool  
  17  1:20  Drone  
  17  1:22  Drone  
  19  1:26  Extractor  
  19  1:31  Drone  
  19  1:47  Overlord  
  19  2:03  Zergling x4  
  19  2:05  Queen  
  23  2:16  Hatchery  
  23  2:21  Queen  
  24  2:30  Drone x2  
  24  2:36  Metabolic Boost  
  26  2:40  Drone  
  27  2:46  Overlord  
  27  2:51  Overlord  
  27  2:55  Drone  
  28  3:11  Baneling Nest, Drone x3  
  30  3:19  Drone x2  
  32  3:20  Drone  
  32  3:22  Drone  
  34  3:30  Queen  
  36  3:39  Drone x2  
  38  3:46  Drone x3  
  41  3:54  Pneumatized Carapace  
  41  3:57  Zergling x4  
  41  3:58  Zergling x2  
  41  4:02  Spore Crawler  
  43  4:04  Spore Crawler  
  43  4:08  Drone x3  
  45  4:17  Drone x4  
  45  4:18  Drone  
  50  4:29  Overlord x2  
  50  4:39  Roach Warren  
  50  4:41  Extractor  
  50  4:42  Drone x2  
  50  4:50  Drone x6  
  56  4:55  Evolution Chamber  
  56  4:58  Drone x5, Extractor  
  56  4:59  Drone, Extractor  
  59  5:06  Overlord  
  59  5:27  Lair  
  59  5:28  Zerg Ground Armor Level 1  
  59  5:30  Drone x4  
  59  5:31  Drone x7  
  59  5:32  Drone  
  70  5:52  Hatchery, Queen  
  70  5:53  Spore Crawler  
  70  5:54  Queen  
  70  5:57  Spore Crawler  
  71  5:59  Spore Crawler  
  70  6:13  Overlord x5  
  70  6:16  Extractor  
  70  6:17  Extractor  
  49  6:45  Queen  
  51  6:47  Hydralisk Den  
  51  6:49  Queen  
  52  7:00  Roach x7  
  52  7:01  Roach x13  
  92  7:03  Glial Reconstitution  
  92  7:15  Hydralisk x2  
  92  7:16  Hydralisk  
  98  7:26  Hydralisk  
  98  7:27  Hydralisk  
  102  7:31  Zergling x2  
  102  7:32  Zergling x10  
  108  7:49  Nydus Network  
  107  7:52  Hydralisk  
  107  7:53  Hydralisk  
  111  8:01  Overlord x3  
  111  8:02  Overlord  
  111  8:30  Hydralisk  
  111  8:31  Hydralisk x4  
  121  8:40  Nydus Canal  
  121  8:42  Roach  
  121  8:43  Roach  
  125  9:03  Queen  
Tags
 
Add a new tag
Caveats
  • Supply blocks, unpowered buildings, or Contaminate may cause inaccurate times.
  • Supply counts are checked every 10 seconds.